 Dungeon Crawl Stone Soup version 0.26.0-41-g79a4fc7684 (webtiles) character file.

Game seed: 15955501262133109546

2262 thiole the Fighter (level 9, -1/67 HPs)
             Began as an Octopode Hedge Wizard on Jan 26, 2021.
             Was an Initiate of Gozag.
             Engulfed by a steam dragon's steam (13 damage)
             ... on level 7 of the Dungeon.
             The game lasted 00:26:45 (12515 turns).

thiole the Fighter (Octopode Hedge Wizard)         Turns: 12515, Time: 00:26:46

Health: -1/67      AC:  3    Str:  9    XL:     9   Next: 38%
Magic:  10/15      EV: 14    Int: 20    God:    Gozag
Gold:   1151       SH:  0    Dex: 11    Spells: 8/16 levels left

rFire    . . .     SeeInvis .   a - +4 dagger
rCold    . . .     Faith    .   (no shield)
rNeg     . . .     Spirit   .   p - +2 hat
rPois    .         Reflect  .   u - amulet of regeneration
rElec    .         Harm     .   m - ring of stealth
rCorr    .         Rampage  .   q - ring of stealth
Will     .....                  (no ring)
Stlth    ++++++....             (no ring)
HPRegen  0.61/turn              (no ring)
MPRegen  0.14/turn              (no ring)
                                (no ring)
                                (no ring)

@: no status effects
A: almost no armour, stealthy swim, amphibious, 8 rings, constrict 8, camouflage
1, gelatinous body 1
a: Renounce Religion, Potion Petition, Call Merchant, Bribe Branch


You were on level 7 of the Dungeon.
You worshipped Gozag.
Gozag was most pleased with you.
You visited 1 branch of the dungeon, and saw 7 of its levels.
You also visited: Sewer.

You collected 1211 gold pieces.
You paid 60 gold pieces to Gozag.

Inventory:

Hand Weapons
 a - a +4 dagger (weapon)
 j - a +0 dagger of venom
 w - a +1 dagger of chaos
Missiles
 e - 120 sling bullets
Armour
 b - a +0 hat
 p - a +2 hat (worn)
 B - a +0 kite shield
Jewellery
 h - an uncursed amulet of the acrobat
 m - a ring of stealth (left tentacle)
 q - a ring of stealth (right tentacle)
 u - an amulet of regeneration (around mantle)
Wands
 r - a wand of flame (16)
 x - a wand of random effects (13)
 A - a wand of polymorph (8)
Scrolls
 c - a scroll of magic mapping {unknown}
 d - 3 scrolls of teleportation
 f - 2 scrolls of enchant armour {unknown}
 g - 3 scrolls of remove curse
 i - 6 scrolls of identify
 k - 2 scrolls of fear {unknown}
 n - a scroll of random uselessness {unknown}
 s - 5 scrolls of noise {unknown}
 t - 2 scrolls of enchant weapon {unknown}
 y - a scroll of vulnerability {unknown}
 C - 3 scrolls of blinking {unknown}
Potions
 l - a potion of brilliance
 o - 3 potions of curing
 v - 5 potions of flight
 z - a potion of heal wounds
 D - a potion of lignification {unknown}


   Skills:
 + Level 8.9 Fighting
 - Level 3.0 Dodging
 - Level 5.0 Stealth
 + Level 5.2 Shields
 - Level 4.0 Spellcasting
 - Level 2.0 Conjurations
 - Level 2.0 Summonings
 - Level 1.0 Translocations
 - Level 2.0 Air Magic
 - Level 2.0 Poison Magic


You had 8 spell levels left.
You knew the following spells:

 Your Spells              Type           Power        Failure   Level
a - Magic Dart            Conj           48%          5%          1
b - Call Imp              Summ           12%          9%          2
c - Blink                 Tloc           N/A          13%         2
d - Mephitic Cloud        Conj/Pois/Air  12%          17%         3

Your spell library contained the following spells:

 Spells                   Type           Power        Failure   Level
 Slow                     Hex            4%           19%         2
 Conjure Flame            Conj/Fire      8%           26%         3
 Gell's Gravitas          Tloc           4%           26%         3
 Confusing Touch          Hex            4%           36%         3
 Petrify                  Tmut/Erth      4%           77%         4
 Metabolic Englaciation   Hex/Ice        2%           98%         5
 Yara's Violent Unravell  Hex/Tmut       2%           98%         5


Dungeon Overview and Level Annotations

Branches:
Dungeon (7/15)             Temple (0/1) D:4           Sewer (visited)

Altars:
Ashenzari
Cheibriados
Dithmenos
Gozag
Hepliaklqana
Makhleb
Okawaru
Qazlal
Uskayaw
Wu Jian
Xom
Yredelemnul
Zin


Innate Abilities, Weirdness & Mutations

You cannot wear most types of armour.
You are very stealthy in the water. (Stealth+)
You are amphibious.
You can wear up to eight rings at the same time.
You can use your tentacles to constrict eight enemies at once.
Your skin changes colour to match your surroundings (Stealth+).
Your rubbery body absorbs attacks. (AC +1, EV +1)


Message History

The steam dragon is severely wounded.
You are engulfed in a cloud of scalding steam.
The steam dragon bites you! The steam dragon completely misses you.
You hit the steam dragon but do no damage.
The steam dragon is severely wounded.
You are engulfed in a cloud of scalding steam.
The steam dragon barely misses you.
The steam dragon claws you but does no damage.
You barely miss the steam dragon.
The steam dragon is severely wounded.
The steam dragon breathes steam at you. The ball of steam hits you!!
* * * LOW HITPOINT WARNING * * *
Aiming: Throw Flame
Press: ? - help, Shift-Dir - straight line, f/p - steam dragon
Aim: a steam dragon (severely wounded, catching its breath, 32% to evade)
The puff of flame misses the steam dragon.
You are engulfed in a cloud of scalding steam.
You die...
Your body crumbles into a pile of gold.

#.....#.#.# #...#.#######
##........###...........#
...####...........#####.#
##.####).###.##..## #.#
.........# #.##§.### #.#
##.#####)###.##.§..# #.#
##.## #......##)#.# #.#
....# #####..##§#.# #.#
##..# #..##@#.# #.#
#..########..##D#.# #.#
#...>..........>..####.#
#<..###.###............#
#.......####.###########
##............#
.....########## ##..)#
##...#


You could see a steam dragon (catching breath).

Vanquished Creatures
  Pikel (D:7)
  5 yaks (D:7)
  An orc warrior (D:6)
  A necrophage (D:7)
  A centaur (D:3)
  4 lemures (D:7)
  2 bullfrogs
  2 hounds
  A bullfrog zombie (D:6)
  2 orc priests
  6 orc wizards
  2 worker ants (D:6)
  2 iguanas (D:6)
  A river rat (Sewer)
  13 adders
  2 white imps (D:5)
  3 ufetubi
  2 adder skeletons
  5 worms
  2 dart slugs
  3 leopard geckos
  11 orcs
  7 ball pythons
  9 bats
  11 giant cockroaches
  2 gnoll zombies (D:5)
  9 hobgoblins
  6 jackals
  6 kobolds
  5 quokkas
  A frilled lizard (Sewer)
  6 goblins
  A quokka skeleton (D:7)
  27 rats
162 creatures vanquished.

Vanquished Creatures (collateral kills)
  A yak (D:7)
  An ogre (D:7)
  A bullfrog (D:6)
  A howler monkey (D:6)
  A crimson imp (D:4)
  3 jellies
  An orc priest (D:6)
  2 merfolk sirens (Sewer)
  4 worker ants
  A merfolk avatar (Sewer)
  2 adders
  2 river rats (Sewer)
  A worm (D:4)
  6 orcs
  2 giant cockroaches
  A goblin (D:2)
  A ball python (D:5)
  2 frilled lizards (Sewer)
  3 rats
36 creatures vanquished.

Vanquished Creatures (others)
  A plant (D:4)
1 creature vanquished.

Grand Total: 199 creatures vanquished

Notes
Turn   | Place    | Note
-------+----------+-------------------------------------------
     0 | D:1      | thiole the Octopode Hedge Wizard began the quest for the
                  | Orb.
     0 | D:1      | Reached XP level 1. HP: 11/11 MP: 4/4
   215 | D:1      | Reached XP level 2. HP: 11/17 MP: 1/6
   857 | D:1      | Reached XP level 3. HP: 21/21 MP: 5/7
  1180 | D:2      | Found an iron altar of Okawaru.
  1351 | D:2      | Found a shadowy altar of Dithmenos.
  1355 | D:2      | Learned a level 2 spell: Call Imp
  1358 | D:2      | Learned a level 2 spell: Blink
  1362 | D:2      | Learned a level 3 spell: Mephitic Cloud
  1575 | D:2      | Found an ornate altar of the Wu Jian Council.
  1814 | D:2      | Reached XP level 4. HP: 27/27 MP: 3/9
  3333 | D:3      | Noticed a centaur
  3734 | D:3      | Killed a centaur
  3735 | D:3      | Reached skill level 1 in Air Magic
  3735 | D:3      | Reached skill level 1 in Poison Magic
  3735 | D:3      | Reached XP level 5. HP: 14/31 MP: 4/11
  4331 | D:3      | Reached skill level 5 in Stealth
  5000 | D:4      | Found a snail-covered altar of Cheibriados.
  5051 | D:4      | Reached XP level 6. HP: 29/37 MP: 1/12
  5148 | D:4      | Found an opulent altar of Gozag.
  5185 | D:4      | Noticed a +0 dagger
  5185 | D:4      | Noticed a +4 dagger
  5187 | D:4      | Found a hide-covered altar of Uskayaw.
  5205 | D:4      | Became a worshipper of Gozag Ym Sagoz the Greedy
  5226 | D:4      | Found a stormy altar of Qazlal.
  5326 | D:4      | Reached skill level 1 in Fighting
  5526 | D:4      | Found a broken altar of Ashenzari.
  5530 | D:4      | Saw a vision of the Swamp and the Spider Nest.
  5530 | D:4      | Noticed a redback
  5530 | D:4      | Noticed a redback
  5530 | D:4      | Noticed a redback
  5530 | D:4      | Noticed an alligator
  5530 | D:4      | Noticed a swamp drake
  5530 | D:4      | Noticed a wolf spider
  5530 | D:4      | Noticed a redback
  5531 | D:4      | Noticed a wolf spider
  5566 | D:4      | Reached skill level 2 in Fighting
  5886 | D:4      | Found a staircase to the Ecumenical Temple.
  5986 | D:4      | Reached skill level 3 in Fighting
  6373 | D:4      | Found a shimmering altar of Xom.
  6389 | D:4      | Found a burning altar of Makhleb.
  6522 | D:5      | Entered Level 5 of the Dungeon
  6607 | D:5      | Found a glowing drain.
  6616 | Sewer    | Entered a sewer
  7026 | Sewer    | Reached XP level 7. HP: 46/46 MP: 6/13
  7394 | Sewer    | Reached skill level 4 in Fighting
  8751 | D:5      | Found a hazy altar of Hepliaklqana.
  8924 | D:5      | Reached skill level 5 in Fighting
  9224 | D:5      | Found a basalt altar of Yredelemnul.
  9461 | D:6      | Found a glowing silver altar of Zin.
  9462 | D:6      | Noticed an angel
  9638 | D:6      | Reached skill level 6 in Fighting
  9871 | D:6      | Reached XP level 8. HP: 53/57 MP: 6/14
 10614 | D:7      | Reached skill level 7 in Fighting
 10859 | D:7      | Reached skill level 1 in Shields
 11047 | D:7      | Noticed Pikel
 11061 | D:7      | Killed Pikel
 11272 | D:7      | Noticed a yak
 11299 | D:7      | Reached skill level 8 in Fighting
 11395 | D:7      | Noticed a yak
 11395 | D:7      | Noticed a yak
 11426 | D:7      | Killed a yak
 11427 | D:7      | Reached XP level 9. HP: 66/66 MP: 3/15
 11928 | D:7      | Reached skill level 5 in Shields
 12515 | D:7      | Engulfed by a steam dragon's steam

Illustrated notes

Levels and vault maps discovered:
D:1:      evilmike_arrival_rings, layout_basic
D:2:      layout_basic, lemuel_round_altar, lemuel_doored_altar,
          nicolae_dithmenos_shadow_blocks, st_stairs_8, roderic_serpentine_path
D:3:      layout_basic
D:4:      layout_cave_pools, nicolae_gozag_seed_capital,
          dancing_weapons_uskayaw, nicolae_overflow_hidden_temple,
          kennysheep_mini_moat, grunt_temple_overflow_champion_of_chaos,
          temple_fountains, grunt_ashenzari_visionary
          [grunt_ashenzari_visionary_swamp, grunt_ashenzari_visionary_spider]
D:5:      layout_rooms, lemuel_zombie_altar_yredelemnul,
          nzn_hepliaklqana_mist_gate, portal_sewer_entry_a
D:6:      layout_loops_ring, zin_angel
D:7:      layout_loops_ring, uniq_pikel

Skill      XL: |  1  2  3  4  5  6  7  8  9 |
---------------+----------------------------+-----
Stealth        | 3 4 5 |  5.0
Conjurations   | 2 |  2.0
Summonings     | 2 |  2.0
Spellcasting   | 4 |  4.0
Air Magic      | 1 2 |  2.0
Poison Magic   | 1 2 |  2.0
Fighting       | 3 6 8 |  8.9
Dodging        | 3 |  3.0
Shields        | 4 5 |  5.2
Translocations | |  1.0

Action                   |  1- 3 |  4- 6 |  7- 9 || total
-------------------------+-------+-------+-------++-------
Melee: Dagger            |    28 |    41 |   136 ||   205
       Constrict         |     9 |     9 |    24 ||    42
       Tentacles         |     7 |     5 |    21 ||    33
 Cast: Magic Dart        |    74 |   184 |   154 ||   412
       Call Imp          |       |    27 |    95 ||   122
       Blink             |       |       |     1 ||     1
       Mephitic Cloud    |       |       |     9 ||     9
Evoke: Wand              |       |    11 |    14 ||    25
  Use: Potion            |       |     6 |     3 ||     9
       Scroll            |       |     6 |       ||     6
 Stab: Sleeping          |       |     2 |       ||     2
       Distracted        |       |     1 |     4 ||     5
       Confused          |       |       |     1 ||     1
Armor: Skin              |     3 |     6 |    23 ||    32
Dodge: Dodged            |    43 |    77 |   117 ||   237
